 Dungeon Crawl Stone Soup version 0.20.0-6-gd3061e9 (webtiles) character file.

68 grindst0ne the Skirmisher (level 4, -9/39 HPs)
             Began as a Formicid Fighter on May 28, 2017.
             Killed by nerve-wracking pain
             ... invoked by Grinder
              (11 damage)
             ... on level 3 of the Dungeon.
             The game lasted 00:03:13 (1422 turns).

grindst0ne the Skirmisher (Formicid Fighter)        Turns: 1422, Time: 00:03:14

Health: -9/39      AC:  9    Str: 20    XL:     4   Next: 41%
Magic:  0/4        EV:  5    Int:  8    God:
Gold:   95         SH:  9    Dex: 11    Spells: 3/3 levels left

rFire    . . .     SeeInvis +   a - +0 war axe
rCold    . . .     Gourm    .   c - +0 shield
rNeg     . . .     Faith    .   p - +0 chain mail
rPois    .         Spirit   +   (helmet unavailable)
rElec    .         Reflect  .   (no cloak)
rCorr    .         Harm     .   (no gloves)
MR       .....                  (no boots)
Stlth    ..........             k - amulet of guardian spirit
Regen    0.2/turn               q - ring of teleportation
MPRegen  0.1/turn               r - ring of flight

@: no status effects
A: permanent stasis, dig shafts and tunnels, four strong arms, antennae 3
a: Dig, Shaft Self, Evoke Flight


You were on level 3 of the Dungeon.
You were not hungry.

You visited 1 branch of the dungeon, and saw 3 of its levels.

You collected 95 gold pieces.

Inventory:

Hand Weapons
 a - a +0 war axe (weapon)
Armour
 b - a +0 scale mail
 c - a +0 shield (worn)
 p - a +0 chain mail (worn)
Jewellery
 k - an amulet of guardian spirit (around neck)
 q - a ring of teleportation (left hand)
 r - a ring of flight (right hand)
Scrolls
 e - a scroll of remove curse
 j - a scroll of amnesia
Potions
 d - a potion of might
 m - 2 potions of curing
 n - 2 potions of flight
 t - a potion of lignification {unknown}
Comestibles
 f - 3 bread rations
 g - a chunk of flesh
 h - 2 royal jellies
 u - a meat ration


   Skills:
 - Level 5.4 Fighting
 - Level 2.0 Axes
 - Level 3.2 Armour
 + Level 3.6 Shields


You had 3 spell levels left.
You didn't know any spells.

Dungeon Overview and Level Annotations

Branches:
Dungeon (3/15)

Altars:
Cheibriados
Sif Muna

Annotations:
D:3 Grinder


Innate Abilities, Weirdness & Mutations

You cannot be hasted, slowed, berserked, paralysed or teleported.
You can dig through walls and to a lower floor.
Your four strong arms can wield two-handed weapons with a shield.
You have a pair of large antennae on your head. (SInv)


Message History

Grinder hits you.
You writhe in agony.
* * * LOW HITPOINT WARNING * * *
Your shield and chain mail prevent you from hitting Grinder.
Grinder is heavily wounded.
Grinder hits you!
* * * LOW HITPOINT WARNING * * *
Grinder gestures at you. Pain shoots through your body!
* * * LOW HITPOINT WARNING * * *
You extend your mandibles.
You dig through the rock wall.
You retract your mandibles.
You hear the slow rusting of a distant drain.
Grinder gestures at you. You resist with significant effort.
You extend your mandibles.
You retract your mandibles.
Grinder gestures at you. Pain shoots through your body!
You die...

#. #.......# ..
#..#.##.# {
##.#####......(####
...................
#.##........#.####
#.##..5##..(..#
#..(...###....#
####...###<.#.#
#..@.......#
.(....####...###
###### #...# #...#
#...# #...# #...#


You could see Grinder.

Vanquished Creatures
  2 adders (D:2)
  2 oozes
  3 dart slugs
  3 bats
  A giant cockroach (D:1)
  6 goblins
  7 hobgoblins
  2 kobolds
  A quokka (D:2)
  2 frilled lizards (D:1)
  7 rats
36 creatures vanquished.

Notes
Turn   | Place    | Note
-------+----------+-------------------------------------------
     0 | D:1      | grindst0ne the Formicid Fighter began the quest for the Orb.
     0 | D:1      | Reached XP level 1. HP: 18/18 MP: 1/1
    27 | D:1      | Reached skill level 4 in Fighting
    27 | D:1      | Reached XP level 2. HP: 12/25 MP: 2/2
   216 | D:1      | Found a snail-covered altar of Cheibriados.
   396 | D:1      | Reached XP level 3. HP: 26/31 MP: 3/3
   768 | D:2      | Reached skill level 5 in Fighting
   810 | D:2      | Found a deep blue altar of Sif Muna.
   831 | D:2      | Reached XP level 4. HP: 32/39 MP: 4/4
  1386 | D:3      | Noticed Grinder
  1413 | D:3      | HP: 1/39 [Grinder/nerve-wracking pain (5)]
  1422 | D:3      | Killed from afar by Grinder

Skill      XL: |  1  2  3 |
---------------+----------+-----
Fighting       | 4 5 |  5.4
Axes           | |  2.0
Armour         | |  3.2
Shields        | |  3.6

Action                   |  1- 3 |  4- 6 || total
-------------------------+-------+-------++-------
Melee: War axe           |    87 |    29 ||   116
 Abil: Dig               |       |     2 ||     2
  Use: Potion            |     2 |       ||     2
       Scroll            |       |     8 ||     8
  Eat: Chunk             |       |     2 ||     2
Armor: Scale mail        |    28 |       ||    28
       Chain mail        |    14 |    16 ||    30
Dodge: Dodged            |    29 |    11 ||    40
Block: Shield            |    55 |    11 ||    66
